 Dungeon Crawl Stone Soup version 0.26-a0-307-g4e7fcc93f0 (webtiles) character file.

Game seed: 13053026530705361491

231 ANON1729 the Ducker (level 5, -4/53 HPs)
             Began as a Troll Summoner on July 15, 2020.
             Slain by a gnoll
             ... wielding a +0 halberd
              (12 damage)
             ... on level 4 of the Dungeon.
             The game lasted 00:02:49 (1485 turns).

ANON1729 the Ducker (Troll Summoner)                Turns: 1485, Time: 00:02:50

Health: -4/53      AC:  6    Str: 17    XL:     5   Next: 73%
Magic:  5/5        EV: 11    Int: 11    God:
Gold:   154        SH:  0    Dex: 10    Spells: 5/6 levels left

rFire    . . .     SeeInvis .   (no weapon)
rCold    . . .     Faith    .   (no shield)
rNeg     . . .     Spirit   .   a - +0 robe
rPois    .         Reflect  .   (helmet restricted)
rElec    .         Harm     .   (no cloak)
rCorr    .                      (gloves unavailable)
MR       .....                  (boots unavailable)
Stlth    +.........             (no amulet)
HPRegen  0.57/turn              g - +4 ring of slaying
MPRegen  0.09/turn              (no ring)

@: no status effects
A: large, unfitting armour, claws 3, regeneration 1, shaggy fur 1, tough skin 3
a: no special abilities


You were on level 4 of the Dungeon.
You visited 1 branch of the dungeon, and saw 4 of its levels.

You collected 154 gold pieces.

Inventory:

Armour
 a - a +0 robe (worn)
Jewellery
 g - a +4 ring of slaying (left claw)
 i - an uncursed ring of fire
 k - an uncursed amulet of magic regeneration
Scrolls
 b - 3 scrolls of teleportation {unknown}
 d - 2 scrolls of enchant weapon {unknown}
 e - a scroll of amnesia {unknown}
 j - a scroll of identify {unknown}
Potions
 c - a potion of brilliance {unknown}
 f - 3 potions of curing
 h - 2 potions of heal wounds
 l - a potion of resistance {unknown}


   Skills:
 + Level 3.1 Fighting
 + Level 3.6 Dodging
 - Level 1.0 Stealth
 - Level 1.2 Spellcasting
 - Level 2.9 Summonings


You had 5 spell levels left.
You knew the following spells:

 Your Spells              Type           Power        Failure   Level
a - Summon Small Mammal   Summ           #...         10%         1

Your spell library contained the following spells:

 Spells                   Type           Power        Failure   Level
 Call Imp                 Summ           #.......     14%         2
 Call Canine Familiar     Summ           #.......     28%         3
 Summon Guardian Golem    Hex/Summ       #.......     45%         3
 Summon Ice Beast         Ice/Summ       #.......     86%         4
 Summon Lightning Spire   Summ/Air       #.......     86%         4


Dungeon Overview and Level Annotations

Branches:
Dungeon (4/15)
 Temple: D:4-7

Altars:
Trog


Innate Abilities, Weirdness & Mutations

You are too large for most types of armour.
You have claws for hands.
Your natural rate of healing is unusually fast.
You are covered in fur. (AC +1)
You have extremely tough skin. (AC +3)


Message History

You are too injured to fight recklessly!
You are too injured to fight recklessly!
You are too injured to fight recklessly!
You are too injured to fight recklessly!
You are too injured to fight recklessly!
You are too injured to fight recklessly!
You are too injured to fight recklessly!
You scratch the gnoll.
The gnoll is heavily wounded.
The gnoll hits you with a +0 halberd!
* * * LOW HITPOINT WARNING * * *
You scratch the gnoll but do no damage.
The gnoll is heavily wounded.
The gnoll hits you with a +0 halberd.
* * * LOW HITPOINT WARNING * * *
The gnoll hits you from afar with a +0 halberd!
* * * LOW HITPOINT WARNING * * *
There is a stone staircase leading up here.
The gnoll hits you from afar with a +0 halberd!
You die...

....... . .....
$..... ..
.........[..### ...
...............
..##.. ...)........
...###."...........
#..# .............
#@.###............
###.g#.......#.....
#..................
##...g........)..#
##....g........##/
##...........#...
#..#............
##.##..#.)...##.
......#.)...#


You could see 3 gnolls.

Vanquished Creatures
  A hound (D:4)
  An orc wizard (D:3)
  A gnoll shaman (D:4)
  A gnoll (D:4)
  5 adders
  A worm (D:3)
  3 dart slugs
  2 leopard geckos
  13 orcs (D:3)
  2 ball pythons
  3 giant cockroaches
  7 goblins
  6 hobgoblins
  4 jackals (D:1)
  A quokka (D:3)
  6 bats
  3 frilled lizards
  2 kobolds
  8 rats
70 creatures vanquished.

Notes
Turn   | Place    | Note
-------+----------+-------------------------------------------
     0 | D:1      | ANON1729 the Troll Summoner began the quest for the Orb.
     0 | D:1      | Reached XP level 1. HP: 16/16 MP: 1/1
   251 | D:1      | Reached XP level 2. HP: 23/26 MP: 2/2
   289 | D:1      | Reached skill level 1 in Fighting
   656 | D:1      | Reached XP level 3. HP: 33/33 MP: 3/3
   955 | D:3      | Reached XP level 4. HP: 42/42 MP: 4/4
   970 | D:3      | Found a bloodstained altar of Trog.
  1027 | D:3      | HP: 1/42 [orc wizard/magic dart (6)]
  1254 | D:3      | Reached XP level 5. HP: 36/50 MP: 5/5
  1485 | D:4      | Slain by a gnoll

Illustrated notes

Levels and vault maps discovered:
D:1:      matt_arrival_spirals, layout_loops_cross, minmay_misc_feat_room,
          skrybe_limestone_x
D:2:      cheibrodos_pilgrimage, layout_loops_ring
D:3:      layout_rooms, dk_noncrumbling_3, grunt_decor_clamped,
          trog_butcher_becter
D:4:      layout_cave_pools, grunt_decor_mini_mirrors

Skill      XL: |  1  2  3  4  5 |
---------------+----------------+-----
Dodging        | 2 3 |  3.6
Fighting       | 1 2 3 |  3.1
Stealth        | |  1.0
Spellcasting   | |  1.2
Summonings     | |  2.9

Action                   |  1- 3 |  4- 6 || total
-------------------------+-------+-------++-------
Melee: Unarmed           |   138 |    99 ||   237
  Use: Potion            |       |     2 ||     2
 Stab: Sleeping          |     5 |     1 ||     6
Armor: Robe              |    64 |    38 ||   102
Dodge: Dodged            |    93 |    64 ||   157

Table legend:
 A = Non-vault XP
 B = Vault XP
 C = Vault XP percentage of total XP
 D = Non-vault monster count
 E = Vault monster count
 F = Vault count percentage of total count
                 A         B        C        D         E       F
            +---------+---------+-------+---------+---------+-------
      Total |     322 |       9 |   2.7 |      66 |       4 |   5.7
            +---------+---------+-------+---------+---------+-------
        D:1 |      42 |       0 |   0.0 |      24 |       0 |   0.0
        D:2 |       8 |       0 |   0.0 |       4 |       0 |   0.0
        D:3 |     163 |       9 |   5.2 |      34 |       4 |  10.5
        D:4 |     109 |       0 |   0.0 |       4 |       0 |   0.0
            +---------+---------+-------+---------+---------+-------
